 Dungeon Crawl Stone Soup version 0.31-a0-208-gdb31a4691d (webtiles) character file.

Game seed: 2929102922731224454

2466 ragingrage the Fighter (level 9, -1/73 (76) HPs)
             Began as a Formicid Artificer on June 28, 2023.
             Was a Believer of Okawaru.
             Slain by an orc warrior
             ... wielding a +0 glaive
              (17 damage)
             ... on level 7 of the Dungeon.
             The game lasted 00:10:29 (7617 turns).

ragingrage the Fighter (Formicid Artificer)         Turns: 7617, Time: 00:10:30

HP:   -1/73 (76)    AC:  7    Str: 22    XL:     9   Next: 80%
MP:   9/9           EV: 10    Int: 10    God:    Okawaru [**....]
Gold: 386           SH:  6    Dex: 19    Spells: 8/8 levels left

rFire   . . .        g - +3 war axe (freeze)
rCold   . . .        m - +0 buckler
rNeg    . . .        d - +0 ring mail
rPois   +            (helmet unavailable)
rElec   .            a - +0 cloak
rCorr   .            (no gloves)
SInv    +            (no boots)
Will    .....        u - amulet of magic regeneration
Stlth   +++          q - ring "Vyoff" {Fly rPois Str+2 Dex+3 Stlth+}
HPRegen 0.32/turn    (no ring)
MPRegen 0.51/turn

%: no passive effects
@: flying, lightly drained
A: permanent stasis, dig shafts and tunnels, antennae 3, four strong arms
a: Dig, Shaft Self, Renounce Religion, Heroism


You were on level 7 of the Dungeon.
You worshipped Okawaru.
Okawaru was pleased with you.
You visited 2 branches of the dungeon, and saw 8 of its levels.

You collected 386 gold pieces.

Inventory:

Hand Weapons
 g - a +3 war axe of freezing (weapon)
Missiles
 l - 8 poisoned darts
Armour
 a - a +0 cloak (worn)
 d - a +0 ring mail (worn)
 m - a +0 buckler (worn)
Jewellery
 q - the ring "Vyoff" (left hand) {Fly rPois Str+2 Dex+3 Stlth+}
   (You found it on level 2 of the Dungeon)

   [ring of poison resistance]

   Str:       It affects your strength (+2).
   Dex:       It affects your dexterity (+3).
   rPois:     It protects you from poison.
   Fly:       It grants you flight.
   Stlth:     It makes you more stealthy.
 u - an amulet of magic regeneration (around neck)
 A - a ring of ice
Wands
 c - a wand of flame (9)
 e - a wand of iceblast (7)
Scrolls
 n - a scroll of fog
 t - a scroll of immolation {unknown}
 v - 2 scrolls of vulnerability
 y - a scroll of fear {unknown}
Potions
 b - a potion of brilliance
 f - a potion of heal wounds
 h - a potion of curing
 j - a potion of haste {unknown}
 p - a potion of might
 r - a potion of ambrosia
 s - a potion of mutation
 w - a potion of lignification
 x - a potion of magic {unknown}
 z - 3 potions of attraction


   Skills:
 - Level 9.0 Fighting
 + Level 6.0 Axes
 - Level 4.0 Armour
 - Level 0.8 Dodging
 - Level 5.0 Stealth
 - Level 5.0 Shields
 - Level 5.0 Evocations


You had 8 spell levels left.
You didn't know any spells.
Your spell library contained the following spells:

 Spells                   Type           Power      Damage    Failure   Level
 Anguish                  Hex/Necr       0%         N/A       100%        4
 Cause Fear               Hex            0%         N/A       100%        4
 Arcjolt                  Conj/Air       0%         1d10      100%        5
 Fireball                 Conj/Fire      0%         3d3       100%        5
 Iskenderun's Battlesphe  Conj           0%         2d6       100%        5
 Conjure Ball Lightning   Conj/Air       0%         3x3d6     100%        6
 Enfeeble                 Hex            0%         N/A       100%        7
 Orb of Destruction       Conj           0%         9d5       100%        7
 Maxwell's Capacitive Co  Air            0%         ∞         100%        8
 Vhi's Electric Charge    Tloc/Air       Unusable   N/A       N/A         3

Dungeon Overview and Level Annotations

Branches:
Dungeon (7/15)             Temple (1/1) D:4

Altars:
Ashenzari
Cheibriados
Dithmenos
Elyvilon
Fedhas
Gozag
Kikubaaqudgha
Nemelex Xobeh
Okawaru
Qazlal
Ru
Sif Muna
Trog
Uskayaw
Vehumet
Wu Jian
Xom
Yredelemnul
Zin
The Shining One

Shops:
D:1 :   D:2 ?

Annotations:
D:7 1 exclusion, Joseph


Innate Abilities, Weirdness & Mutations

You cannot be hasted, slowed, berserked, paralysed or teleported.
You can dig through walls and to a lower floor.
You have a pair of large antennae on your head. (SInv)
Your four strong arms can wield two-handed weapons with a shield.


Message History

You throw a javelin. The javelin pierces through the wight!
You destroy the wight!
Okawaru accepts your kill.
The javelin pierces through the orc warrior but does no damage.
The javelin pierces through the orc!!
You kill the orc!
Okawaru accepts your kill.
You feel like a meek peon again.
The orc warrior unwields a +0 glaive.
The orc warrior wields a +0 orcbow.
The orc warrior shoots an arrow.
The arrow hits you.
* * * LOW HITPOINT WARNING * * *
Your Axes skill increases to level 6!
Throw: 3 javelins (silver)
Press: ? - help, Shift-Dir - straight line, f - orc warrior
Aim: an orc warrior, wielding a +0 orcbow and wearing a +0 plate armour (65% to hit)
You throw a silver javelin.
The silver javelin closely misses the orc warrior.
The silver javelin barely misses the orc wizard.
The orc warrior shoots an arrow.
The arrow closely misses you.
Throw: 2 javelins (silver)
Press: ? - help, Shift-Dir - straight line, f/p - orc warrior
Aim: an orc warrior, wielding a +0 orcbow and wearing a +0 plate armour (65% to hit)
You throw a silver javelin.
The silver javelin pierces through the orc warrior.
The silver javelin pierces through the orc wizard.
The orc warrior shoots an arrow.
The arrow hits you.
* * * LOW HITPOINT WARNING * * *
Throw: javelin (silver)
Press: ? - help, Shift-Dir - straight line, f/p - orc warrior
Aim: an orc warrior, wielding a +0 orcbow and wearing a +0 plate armour (moderately wounded, 65% to hit)
You throw a silver javelin.
The silver javelin pierces through the orc warrior.
The silver javelin pierces through the orc wizard!
The orc warrior unwields a +0 orcbow.
The orc warrior wields a +0 glaive.
The orc warrior barely misses you.
You hit the orc warrior but do no damage.
The orc warrior misses you.
You hit the orc warrior but do no damage.
The orc warrior hits you with a +0 glaive!
You die... ..#(... .#.#< .#.#. ... { .oz

#o# #o# #. #@## #.
#..# ##'## ##.#
##...## ##.#
##.....## ##.)#
##.......##
##.$.####.........##
#.......'.........'.
##...####.........##
###..# ##.......##


You could see an orc warrior, a wight, an orc wizard (invisible) and an orc.

Vanquished Creatures
  Pikel (D:5)
  A water moccasin (D:7)
  3 ice beasts
  A sky beast (D:7)
  An orc warrior (D:5)
  An ogre (D:6)
  2 phantoms
  A lemure (D:5)
  A scorpion (D:6)
  10 wights
  A jelly (D:5)
  2 orc priests (D:6)
  3 hounds
  Jessica (D:2)
  3 iguanas
  4 orc wizards
  3 adders
  9 gnolls
  2 white imps (D:5)
  An ufetubus (D:7)
  4 worms
  2 dart slugs
  16 orcs
  10 bats
  5 endoplasms
  8 giant cockroaches
  13 goblins
  6 hobgoblins
  2 jackals (D:4)
  7 kobolds
  4 quokkas
  5 ball pythons
  4 frilled lizards
  A kobold zombie (D:7)
  4 rats
142 creatures vanquished.

Vanquished Creatures (collateral kills)
  A goblin (D:2)
1 creature vanquished.

Vanquished Creatures (others)
  Robin (D:2)
1 creature vanquished.

Grand Total: 144 creatures vanquished

Notes
Turn   | Place    | Note
-------+----------+-------------------------------------------
     0 | D:1      | ragingrage the Formicid Artificer began the quest for the
                  | Orb.
     0 | D:1      | Reached XP level 1. HP: 15/15 MP: 1/1
    91 | D:1      | Found a faded altar of an unknown god.
   230 | D:1      | Reached XP level 2. HP: 18/21 MP: 2/2
   321 | D:1      | Found Obby's Vocational Training.
   785 | D:1      | Reached XP level 3. HP: 25/26 MP: 3/3
   855 | D:2      | Found Cokhloi Ytapp's Magic Scroll Boutique.
  1265 | D:2      | Reached skill level 1 in Shields
  1377 | D:2      | Identified the ring "Vyoff" {Fly rPois Str+2 Dex+3 Stlth+}
  1447 | D:2      | Noticed Jessica
  1453 | D:2      | Killed Jessica
  1454 | D:2      | Reached XP level 4. HP: 29/33 MP: 4/4
  1507 | D:2      | Reached skill level 2 in Fighting
  1507 | D:2      | Reached XP level 5. HP: 7/38 MP: 5/5
  1660 | D:2      | Noticed Robin
  1715 | D:2      | Your ally Robin died
  1803 | D:2      | Found a shadowy altar of Dithmenos.
  2469 | D:2      | HP: 1/39 [gnoll/+0 flail (9)]
  2696 | D:3      | Reached skill level 3 in Fighting
  3150 | D:4      | Reached XP level 6. HP: 44/47 MP: 6/6
  3188 | D:4      | Found a staircase to the Ecumenical Temple.
  3313 | D:4      | Reached skill level 5 in Evocations
  3741 | Temple   | Entered the Ecumenical Temple
  3982 | D:5      | Entered Level 5 of the Dungeon
  4093 | Temple   | Became a worshipper of Warmaster Okawaru
  4291 | D:5      | Reached skill level 4 in Fighting
  4587 | D:5      | Reached skill level 5 in Fighting
  4587 | D:5      | Reached XP level 7. HP: 33/56 MP: 7/7
  4719 | D:5      | Noticed Pikel
  4726 | D:5      | Killed Pikel
  4726 | D:5      | Reached * piety under Okawaru
  4727 | D:5      | Reached skill level 5 in Shields
  4727 | D:5      | Reached skill level 6 in Fighting
  4727 | D:5      | Reached XP level 8. HP: 64/64 MP: 8/8
  5314 | D:6      | Reached skill level 5 in Stealth
  5361 | D:6      | Reached skill level 7 in Fighting
  5830 | D:6      | Reached skill level 8 in Fighting
  5883 | D:5      | Reached XP level 9. HP: 20/69 MP: 9/9
  6214 | D:5      | Reached ** piety under Okawaru
  6307 | D:5      | Reached skill level 9 in Fighting
  6307 | D:5      | Reached skill level 1 in Axes
  6853 | D:6      | Found a snail-covered altar of Cheibriados.
  7476 | D:7      | Reached skill level 5 in Axes
  7500 | D:7      | Noticed Joseph
  7617 | D:7      | Slain by an orc warrior

Illustrated notes

Levels and vault maps discovered:
D:1:      shiori_shiawase, layout_loops_ring,
          ebering_ecumenical_altar_abandoned, nicolae_shop_vocational
D:2:      layout_rooms, basic_altar, serial_shops, shop, minmay_misc_feat_room,
          uniq_robin, uniq_jessica
D:3:      layout_rooms, minmay_unequal
D:4:      layout_basic, minmay_temple_entry_junction
D:5:      layout_gridville, minmay_misc_feat_doors, uniq_pikel
D:6:      layout_cave_pools, kennysheep_mini_moat
D:7:      layout_loops_corners, nicolae_ossuary_entry_giza,
          kennysheep_another_room, ebering_dispersal_statue_hall, uniq_joseph
Temple:   compressed_dpeg_triangle_lava_temple

Skill      XL: |  1  2  3  4  5  6  7  8  9 |
---------------+----------------------------+-----
Stealth        | 2 3 4 5 |  5.0
Shields        | 2 3 5 |  5.0
Evocations     | 4 5 |  5.0
Fighting       | 2 3 5 6 8 9 |  9.0
Armour         | 4 |  4.0
Axes           | 6 |  6.0
Dodging        | |  0.8

Action                     |  1- 3 |  4- 6 |  7- 9 || total
---------------------------+-------+-------+-------++-------
  Melee: Club              |    17 |       |       ||    17
         Dagger            |    17 |       |       ||    17
         Short sword       |   135 |   159 |       ||   294
         Mace              |       |   106 |    85 ||   191
         War axe           |       |       |    70 ||    70
  Throw: Javelin           |       |       |    13 ||    13
 Invoke: Heroism           |       |       |     2 ||     2
  Evoke: Wand              |     4 |     1 |     4 ||     9
    Use: Potion            |       |     3 |       ||     3
         Scroll            |       |       |    10 ||    10
   Stab: Sleeping          |     1 |     3 |     4 ||     8
 Armour: Leather armour    |    38 |    56 |     5 ||    99
         Ring mail         |       |       |    42 ||    42
  Dodge: Dodged            |    83 |   146 |    67 ||   296
  Block: Buckler           |    24 |    75 |    50 ||   149

Table legend: (Time is in decaauts)
 A = Elapsed time spent in this place.
 B = Non-inter-level travel time spent in this place.
 C = Inter-level travel time spent in this place.
 D = Time resting spent in this place.
 E = Time spent auto-exploring this place.
 F = Levels seen in this place.
 G = Mean time per level.
                   A        B        C        D        E       F      G
               +--------+--------+--------+--------+--------+-----+--------+
         Total |   7756 |   7334 |    422 |   2225 |   3156 |   8 |  969.5 |
       Dungeon |   7524 |   7139 |    385 |   2225 |   2972 |   7 | 1074.9 |
        Temple |    231 |    194 |     37 |      0 |    184 |   1 |  231.0 |
               +--------+--------+--------+--------+--------+-----+--------+

Top non-repeatable levels by time:
     D:5: 2080 daAuts
     D:2: 1374 daAuts
     D:1: 1185 daAuts
     D:6: 1135 daAuts
     D:4: 725 daAuts
     D:3: 596 daAuts
     D:7: 426 daAuts
  Temple: 231 daAuts
